Map: [ESL] Data-C

Players

Clem - Winner!

  • Race: Terran Terran
  • Spawn Location: 9:00

HeroMarine

  • Race: Terran Terran
  • Spawn Location: 3:00

Event: DreamHack SC2 Masters 2022 Atlanta (Online)

VOD

Have the link to the VOD?

Description

Time

  • Played on: Oct. 15, 2022, 11:30 a.m.
  • Length: 6:55

All games in this series

Show
View Real Time Build Order
Export as new Build Order

Clem Terran - Winner!

Build Orders:  

Get SALT Encoding   

  12  0:00  SCV  
  13  0:12  SCV  
  14  0:16  Supply Depot  
  14  0:24  SCV  
  15  0:38  SCV  
  15  0:41  Barracks  
  16  0:43  Refinery  
  16  0:50  SCV  
  16  0:52  Refinery  
  17  1:02  SCV  
  18  1:14  SCV  
  19  1:28  Reaper, Orbital Command  
  20  1:33  Supply Depot  
  20  1:41  Factory  
  20  1:53  SCV  
  21  2:00  Barracks Reactor  
  21  2:05  SCV  
  22  2:18  Command Center  
  22  2:22  SCV  
  23  2:27  Hellion  
  25  2:34  SCV  
  25  2:36  Reaper x2  
  28  2:41  Supply Depot  
  28  2:46  SCV  
  28  2:49  Hellion  
  31  2:55  Starport  
  31  3:02  SCV  
  32  3:09  Marine x2  
  32  3:10  Factory Tech Lab  
  34  3:14  SCV  
  35  3:21  Refinery  
  35  3:26  SCV  
  36  3:28  Marine  
  36  3:29  Marine  
  36  3:32  Orbital Command  
  38  3:38  Cyclone  
  41  3:43  SCV  
  41  3:47  Marine x2  
  43  3:50  Starport Tech Lab  
  41  3:57  SCV x2  
  43  4:04  Supply Depot  
  43  4:05  Marine x2  
  43  4:08  Raven  
  43  4:09  SCV  
  48  4:10  SCV  
  48  4:15  Siege Tank  
  52  4:21  SCV  
  52  4:22  SCV  
  54  4:33  Command Center  
  54  4:36  SCV  
  56  4:38  SCV  
  56  4:42  Supply Depot  
  56  4:48  SCV  
  56  4:49  Siege Tank  
  56  4:50  SCV  
  61  5:00  SCV  
  61  5:02  Supply Depot  
  61  5:04  SCV, Raven  
  61  5:06  Marine x2  
  67  5:09  Supply Depot  
  67  5:11  Refinery  
  67  5:12  SCV  
  68  5:16  SCV  
  69  5:21  Barracks  
  69  5:24  SCV  
  69  5:25  Siege Tank  
  69  5:28  Barracks  
  73  5:30  SCV  
  74  5:36  SCV  
  75  5:43  SCV  
  75  5:45  Orbital Command  
  75  5:48  SCV  
  77  5:55  SCV  
  78  5:58  Viking, Siege Tank  
  78  5:59  Viking  
  78  6:01  Marine  
  82  6:08  SCV  
  82  6:09  SCV  
  75  6:12  Barracks Reactor  
  75  6:13  SCV  
  75  6:15  Marine  
  77  6:19  Marine  
  77  6:20  SCV  
  83  6:33  Marine  
  83  6:37  Marine  
Show
View Real Time Build Order
Export as new Build Order

HeroMarine Terran 

Build Orders:  

Get SALT Encoding   

  12  0:00  SCV  
  13  0:12  SCV  
  14  0:17  Supply Depot  
  14  0:24  SCV  
  15  0:38  SCV  
  15  0:39  Barracks  
  16  0:43  Refinery  
  16  0:50  SCV  
  16  0:53  Refinery  
  17  1:03  SCV  
  18  1:15  SCV  
  19  1:26  Reaper  
  19  1:27  Orbital Command  
  19  1:31  Supply Depot  
  20  1:41  Factory  
  20  1:53  SCV  
  21  1:58  Reaper  
  22  2:05  SCV  
  23  2:17  SCV  
  23  2:19  Command Center  
  24  2:25  Hellion  
  24  2:29  SCV  
  27  2:30  Reaper  
  28  2:44  Supply Depot  
  28  2:45  SCV  
  28  2:47  Hellion  
  31  2:54  Starport  
  31  3:03  Barracks Reactor  
  31  3:06  SCV  
  31  3:09  Factory Tech Lab  
  32  3:18  SCV  
  33  3:24  Refinery  
  33  3:28  Cyclone  
  33  3:30  SCV, Starport Tech Lab  
  33  3:31  Orbital Command  
  35  3:42  SCV  
  34  3:54  SCV  
  35  3:59  SCV  
  34  4:02  Viking x2  
  34  4:05  Marine  
  34  4:06  SCV  
  40  4:12  SCV  
  40  4:14  Siege Tank  
  44  4:18  SCV  
  44  4:21  Supply Depot  
  46  4:30  SCV  
  48  4:34  Viking x2  
  48  4:35  SCV  
  51  4:42  SCV  
  51  4:43  Supply Depot  
  52  4:48  Siege Tank  
  52  4:50  SCV  
  56  4:55  SCV  
  57  5:01  Marine  
  57  5:03  SCV  
  57  5:04  Viking  
  57  5:07  SCV  
  62  5:10  Viking  
  64  5:19  Marine  
  67  5:22  Supply Depot, Siege Tank  
  67  5:23  SCV  
  67  5:27  SCV  
  70  5:41  Supply Depot  
  70  5:43  Viking x2  
  70  5:47  SCV  
  75  5:50  Marine  
  75  5:53  SCV  
  75  5:54  Supply Depot  
  77  5:59  SCV  
  71  6:05  SCV  
  71  6:11  SCV  
  70  6:13  Siege Tank, Marine  
  70  6:17  SCV  
  75  6:21  Viking  
  75  6:23  SCV  
  78  6:29  SCV  
  78  6:31  Marine  
  77  6:35  SCV  
  77  6:41  SCV  
Tags
 
Add a new tag
Caveats
  • Supply blocks, unpowered buildings, or Contaminate may cause inaccurate times.
  • Supply counts are checked every 10 seconds.